cohdb
Replays
Latest Replays
All Replays
Popular Replays
Top Player Replays
Match Explorer
How It Works
Community
CoH3 Stats
Reddit
Sign in to upload your games and track your stats! →
Sign in with Steam
Match 44782070
Unlisted
Match 44782070
Overview
Messages
Build Orders
End
Pioneer Squad
Construct Infanterie Kompanie
Selects Breakthrough Battlegroup
Selects Assault Grenadiers
MG 42 Machine Gun Team
Grenadier Squad
Grenadier Squad
Grenadier Squad
Infanterie Officer Quarters
Construct Panzergrenadier Kompanie
251 Medium Carrier
Pak 40 Anti-tank Gun Team
Selects Smoke Bombing Run
Selects Mechanized Assault Group
Mechanized Assault Group
Support Elements
Smoke Bombing Run
Gatom
Grom
sympTom
Wanjas
AceRobby
FROSTY_PL_01
0
0
Comments
sign in to comment!
No comments posted yet!